 Dungeon Sprint DCSS version 0.27.1-36-g1b1ada6b1e (webtiles) character file.

Game seed: 9894877020526395768

2 Mickster the Conjurer (level 1, -2/12 HPs)
             Began as a Gargoyle Wanderer on Feb 10, 2023.
             Slain by a human (7 damage)
             ... in the Dungeon (Sprint III: "The Ten Rune Challenge").
             The game lasted 00:02:09 (82 turns).

Mickster the Conjurer (Gargoyle Wanderer)             Turns: 82, Time: 00:02:10

Health: -2/12      AC:  8    Str: 15    XL:     1   Next: 40%
Magic:  2/2        EV:  9    Int: 11    God:
Gold:   0          SH:  0    Dex: 10    Spells: 2/2 levels left

rFire    . . .     SeeInvis .   i - +0 dagger
rCold    . . .     Faith    .   (no shield)
rNeg     + . .     Spirit   .   j - +0 scale mail
rPois    ∞         Reflect  .   (no helmet)
rElec    +         Harm     .   (no cloak)
rCorr    .         Rampage  .   (no gloves)
Will     .....     NoTele   +   (no boots)
Stlth    ..........             (no amulet)
HPRegen  0.04/turn              (no ring)
MPRegen  0.08/turn              (no ring)

@: no status effects
A: sickness immunity, AC +2, negative energy resistance 1, electricity
resistance, torment resistance 1, petrification resistance
a: no special abilities


You were in the Dungeon.
You visited 1 branch

Inventory:

Hand Weapons
 a - a +0 club
 i - a +0 dagger (weapon)
Armour
 b - a +0 robe
 j - a +0 scale mail (worn)
Scrolls
 h - a scroll of blinking
Potions
 c - a potion of curing
 d - a potion of heal wounds
 e - a potion of haste
 f - 2 potions of magic
 g - a potion of berserk rage


   Skills:
 + Level 1.2 Fighting
 * Level 0.2 Short Blades
 + Level 0.1 Maces & Flails
 + Level 1.0 Crossbows
 + Level 1.2 Armour
 + Level 1.3 Stealth
 + Level 1.1 Shields
 + Level 1.0 Spellcasting
 + Level 3.0 Conjurations
 + Level 1.9 Necromancy


You had 2 spell levels left.
You didn't know any spells.
Your spell library contained the following spells:

 Spells                   Type           Power      Damage    Failure   Level
 Magic Dart               Conj           28%        1d4       36%         1
 Pain                     Necr           16%        1d4       52%         1
 Foxfire                  Conj/Fire      12%        2x1d4     56%         1
 Blink                    Tloc           N/A        N/A       89%         2
 Call Imp                 Summ           0%         N/A       89%         2
 Slow                     Hex            0%         N/A       89%         2
 Vampiric Draining        Necr           2%         2d6       87%         3
 Conjure Flame            Conj/Fire      3%         6-21      91%         3
 Mephitic Cloud           Conj/Pois/Air  2%         N/A       95%         3


Dungeon Overview and Level Annotations

Branches:
Dungeon (1/1)

Altars:


Innate Abilities, Weirdness & Mutations

You are immune to sickness and miasma.
Your stone body is resilient. (AC +2)
You are immune to poison.
You resist negative energy. (rN+)
You are resistant to electric shocks. (rElec)
You are resistant to unholy torment.
You are immune to petrification.


Message History

j - a +0 scale mail You start removing your armour.
You continue taking off your +0 robe. x4
HP restored.
You finish taking off your +0 robe.
You start putting on your armour.
You continue putting on your +0 scale mail. x5
You finish putting on your +0 scale mail.
You open the door.
There is an open door here.
A human comes into view.
The human shouts!
The human barely misses you.
You hit the human but do no damage. The human hits you but does no damage.
You barely miss the human. The human hits you.
You hit the human but do no damage. The human closely misses you.
You closely miss the human. You hit the human.
The human is lightly wounded.
The human barely misses you.
You closely miss the human. The human barely misses you.
You hit the human.
The human is lightly wounded.
The human hits you but does no damage.
You hit the human but do no damage.
The human is lightly wounded.
The human closely misses you.
You hit the human.
The human is lightly wounded.
The human hits you but does no damage.
You hit the human but do no damage.
The human is lightly wounded.
The human hits you but does no damage.
You hit the human.
The human is moderately wounded.
The human hits you.
You barely miss the human.
The human is moderately wounded.
The human hits you!
Ouch! That really hurt!
You die...

▓#'####
▓.†...#....≈.♣♣ ♣.
▓†....#...≈≈.. ...
▓.....#..≈≈≈≈♣♣.♣
▓####'#..≈≈≈≈≈≈.♣.
▓....†#.≈≈≈≈≈≈....
▓.....#.≈≈≈≈≈.....
▓.....#.≈≈≈.......
▓'#####...@p......
▓.................
▓▓▓▓▓▓▓▓▓▓▓▓▓▓▓▓▓▓


You could see a human.

Vanquished Creatures
  4 rats (D)
4 creatures vanquished.

Notes
Turn   | Place    | Note
-------+----------+-------------------------------------------
     0 | D        | Mickster the Gargoyle Wanderer began the quest for the Orb.
     0 | D        | Mickster set off with the following items: a +0 club, a +0
                  | robe, a potion of curing, a potion of heal wounds, a potion
                  | of haste, 2 potions of magic, a potion of berserk rage, a
                  | scroll of blinking; and the following spells available to
                  | memorise: Magic Dart, Pain, Foxfire, Blink, Call Imp, Slow,
                  | Vampiric Draining, Conjure Flame, Mephitic Cloud
     0 | D        | Reached XP level 1. HP: 12/12 MP: 2/2
    39 | D        | Reached skill level 3 in Conjurations
    82 | D        | Slain by a human

Illustrated notes

Levels and vault maps discovered:
D:        dungeon_sprint_mu [sprint_mu_entry_forest, sprint_mu_temple_rooms,
          sprint_mu_d1_horrors, sprint_mu_d2_genie, sprint_mu_d3_branching,
          sprint_mu_orc_legion, sprint_mu_elf_gauntlet, sprint_mu_hive_nellie,
          sprint_mu_lair_fedhas, sprint_mu_vaults_butterflies,
          sprint_mu_slime_circle, sprint_mu_shoals_archi,
          sprint_mu_snake_twists, sprint_mu_blade_basic, sprint_mu_crypt_lich,
          sprint_mu_tomb_spiral, sprint_mu_vestibule_basic,
          sprint_mu_gehenna_hellfire, sprint_mu_dis_giant,
          sprint_mu_tartarus_statrot, sprint_mu_cocytus_islands, sprint_mu_zot1]

Skill      XL: |  1 |
---------------+----+-----
Conjurations   | 3 |  3.0
Fighting       | |  1.2
Short Blades   | |  0.2
Maces & Flails | |  0.1
Crossbows      | |  1.0
Armour         | |  1.2
Stealth        | |  1.3
Shields        | |  1.1
Spellcasting   | |  1.0
Necromancy     | |  1.9

Action                   || total
-------------------------++-------
Melee: Dagger            ||    22
       Club              ||     8
 Stab: Sleeping          ||     1
Armor: Robe              ||     8
       Scale mail        ||     4
Dodge: Dodged            ||    16
